 Dungeon Crawl Stone Soup version 0.29.0-4-gdea44cf6ec (webtiles) character file.

Game seed: 16019536353017375871

85 qw the Sneak (level 4, 0/36 HPs)
             Began as a Ghoul Enchanter on Sept 7, 2022.
             Killed from afar by Ijyb (6 damage)
             ... with a puff of flame
             ... on level 3 of the Dungeon.
             The game lasted 00:01:31 (3609 turns).

qw the Sneak (Ghoul Enchanter)                      Turns: 3609, Time: 00:01:32

Health: 0/36       AC:  3    Str: 13    XL:     4   Next: 48%
Magic:  0/5        EV: 11    Int: 10    God:
Gold:   192        SH:  0    Dex:  9    Spells: 6/6 levels left

rFire   . . .      SeeInvis .   Y - +0 long sword
rCold   + . .      Faith    .   (no shield)
rNeg    + + +      Spirit   +   i - +0 leather armour
rPois   inf        Reflect  .   (no helmet)
rElec   .          Harm     .   (no cloak)
rCorr   .          Rampage  .   (no gloves)
Will    .....                   (no boots)
Stlth   ++........              j - amulet of guardian spirit
HPRegen 0.00/turn               (no ring)
MPRegen 0.09/turn               (no ring)

@: about to teleport, inhibited regen
A: claws 1, cold resistance 1, negative energy resistance 3, inhibited
regeneration, torment resistance 2, devour on kill
a: no special abilities


You were on level 3 of the Dungeon.
You visited 1 branch of the dungeon, and saw 3 of its levels.

You collected 192 gold pieces.


Innate Abilities, Weirdness & Mutations

You are immune to poison.
You have sharp fingernails.
Your flesh is cold resistant. (rC+)
You are immune to negative energy. (rN+++)
You do not regenerate when monsters are visible.
You are immune to unholy pain and torment.
You thrive by killing the living.


   Skills:
 - Level 2.2 Fighting
 - Level 0.8 Short Blades
 + Level 2.9 Axes
 - Level 1.7 Dodging
 - Level 3.2 Stealth
 - Level 1.7 Spellcasting
 - Level 2.4 Hexes


You had 6 spell levels left.
You didn't know any spells.
Your spell library contained the following spells:

 Spells                   Type           Power      Damage    Failure   Level
 Ensorcelled Hibernation  Hex/Ice        6%         N/A       36%         2
 Confusing Touch          Hex            5%         N/A       41%         3
 Tukima's Dance           Hex            5%         N/A       41%         3
 Dazzling Flash           Conj/Hex       6%         N/A       58%         3

Inventory:

Hand Weapons
 b - a +2 whip
 Y - a +0 long sword (weapon)
Armour
 i - a +0 leather armour (worn)
 o - a +0 ring mail
Jewellery
 j - an amulet of guardian spirit (around neck)
Scrolls
 h - 2 scrolls of identify
 k - 2 scrolls of amnesia {unknown}
 l - a scroll of vulnerability {unknown}
 m - 3 scrolls of noise {unknown}
Potions
 a - a potion of brilliance {unknown}
 c - a potion of flight {unknown}
 d - a potion of heal wounds {unknown}
 f - a potion of curing {unknown}
 g - a potion of degeneration {unknown}
 n - a potion of lignification {unknown}

Dungeon Overview and Level Annotations

Branches:
Dungeon (3/15)

Altars:
Hepliaklqana

Annotations:
D:3 2 transporters, Ijyb


Message History

o - a +0 ring mail The kobold brigand shouts!
The iron imp shouts!
A rat comes into view.
You hit the rat.
You kill the rat!
Found a hazy altar of Hepliaklqana and a white marble altar of Elyvilon.
Found a bone wand.
Enter note:
3593 ||| Stepping ~*~*~tactically~*~*~ (stealth).
3595 ||| Stepping ~*~*~tactically~*~*~ (hiding).
You start waiting.
Ijyb is nearby!
3597 ||| Stepping ~*~*~tactically~*~*~ (hiding).
You start waiting.
Ijyb is nearby!
Ijyb zaps a wand.
The puff of flame hits you! Ijyb hits you but does no damage.
You closely miss Ijyb. Ijyb barely misses you. Ijyb hits you with a +0 dagger.
You hit Ijyb but do no damage. Ijyb hits you with a +0 dagger.
You hit Ijyb.
Ijyb is lightly wounded.
Ijyb hits you with a +0 dagger.
You barely miss Ijyb.
Ijyb is lightly wounded.
Ijyb screams, "Level is mine!
All mine!"
Ijyb hits you with a +0 dagger. x2
You barely miss Ijyb.
Ijyb is lightly wounded.
Ijyb zaps a wand.
The puff of flame hits you.
3608 ||| READING scroll of teleportation.
As you read the scroll of teleportation, it crumbles to dust.
You feel strangely unstable. Ijyb barely misses you.
You slash Ijyb!
Ijyb is heavily wounded.
Ijyb zaps a wand.
The puff of flame hits you.
You die...

#######..#### ..
#............ .. . #. #.
###....### ###
..####.#####.####.......
.^.
..........##.#....##.###
..
..#.......##.........#
5.
..........###..#######
## ..........#...## .###
. #..#....@....### #~~
~~
...##.###..####g##.###
#~#####~
#...##..#.......#..#
#~#~~~#~
##..##.##.........##
#~#~_~#~
x#..##.#.......(.#
#~#~.~#~
##..##.#........#
#~##.##~
#....###........#
#######~~~.~~~
................#
#.............
................#
#......~~~.~~~


You could see Ijyb.

Vanquished Creatures
  2 adders
  2 worms
  4 dart slugs
  3 bats
  9 endoplasms
  5 goblins
  4 hobgoblins
  2 jackals (D:2)
  A quokka (D:2)
  6 ball pythons
  2 frilled lizards (D:1)
  4 kobolds
  8 rats
52 creatures vanquished.

Notes
Turn   | Place    | Note
-------+----------+-------------------------------------------
     0 | D:1      | qw the Ghoul Enchanter began the quest for the Orb.
     0 | D:1      | Reached XP level 1. HP: 14/14 MP: 2/2
     0 | D:1      | 0 ||| qw: Version: 0.1-a-108-g9e35731
     0 | D:1      | 0 ||| qw: Game counter: 6520
     0 | D:1      | 0 ||| qw: Always use a shield: true
     0 | D:1      | 0 ||| qw: God list: Okawaru
     0 | D:1      | 0 ||| qw: Allow faded altars: false
     0 | D:1      | 0 ||| qw: Do Orc after D:15 true
     0 | D:1      | 0 ||| qw: Do second Lair branch before Depths: true
     0 | D:1      | 0 ||| qw: Lair rune preference: random
     0 | D:1      | 0 ||| qw: Plans: Normal
     0 | D:1      | 0 ||| PLANNING D:1-11
    93 | D:1      | 93 ||| SWAPPING to +0 club.
    94 | D:1      | 94 ||| DROPPING +1 dagger.
   134 | D:1      | 134 ||| SWAPPING to +0 whip.
   135 | D:1      | 135 ||| DROPPING +0 club.
   158 | D:1      | Reached skill level 1 in Axes
   333 | D:1      | 333 ||| Stepping ~*~*~tactically~*~*~ (stealth).
   340 | D:1      | 340 ||| Stepping ~*~*~tactically~*~*~ (stealth).
   341 | D:1      | 341 ||| Stepping ~*~*~tactically~*~*~ (stealth).
   343 | D:1      | 343 ||| Stepping ~*~*~tactically~*~*~ (stealth).
   345 | D:1      | 345 ||| Stepping ~*~*~tactically~*~*~ (stealth).
   346 | D:1      | 346 ||| Stepping ~*~*~tactically~*~*~ (stealth).
   349 | D:1      | 349 ||| Stepping ~*~*~tactically~*~*~ (stealth).
   473 | D:1      | Reached skill level 1 in Fighting
   473 | D:1      | Reached XP level 2. HP: 18/23 MP: 3/3
   795 | D:1      | 795 ||| Stepping ~*~*~tactically~*~*~ (outnumbered).
   796 | D:1      | 796 ||| Stepping ~*~*~tactically~*~*~ (outnumbered).
   797 | D:1      | 797 ||| Stepping ~*~*~tactically~*~*~ (outnumbered).
   798 | D:1      | 798 ||| Stepping ~*~*~tactically~*~*~ (outnumbered).
   800 | D:1      | 800 ||| Stepping ~*~*~tactically~*~*~ (outnumbered).
   801 | D:1      | 801 ||| Stepping ~*~*~tactically~*~*~ (outnumbered).
  1144 | D:1      | 1144 ||| Stepping ~*~*~tactically~*~*~ (stealth).
  1148 | D:1      | 1148 ||| Stepping ~*~*~tactically~*~*~ (stealth).
  1152 | D:1      | Reached XP level 3. HP: 28/28 MP: 4/4
  1186 | D:1      | 1186 ||| UPGRADING to +0 leather armour.
  1196 | D:1      | 1196 ||| DROPPING +0 robe.
  1197 | D:1      | 1197 ||| UPGRADING to amulet of guardian spirit.
  1202 | D:1      | 1202 ||| READING 2 scrolls labelled KARROL XAT PALEA.
  1203 | D:1      | 1203 ||| READING 2 scrolls labelled JOMODU WIMEEHI.
  1207 | D:1      | 1207 ||| READING 3 scrolls labelled UHOTTUR GYJOAMOER.
  1208 | D:1      | 1208 ||| READING 2 scrolls labelled CIUGEPNUUFE.
  1209 | D:1      | 1209 ||| READING scroll labelled AVEMME AHOVEI.
  1210 | D:1      | 1210 ||| READING scroll labelled DETEVI NATWUMITU.
  1211 | D:1      | 1211 ||| DROPPING 2 potions of invisibility.
  1212 | D:1      | 1212 ||| DROPPING 2 scrolls of immolation.
  1213 | D:1      | 1213 ||| DROPPING scroll of magic mapping.
  1237 | D:2      | 1237 ||| STAIRDANCE
  1254 | D:2      | 1254 ||| STAIRDANCE
  1451 | D:2      | 1451 ||| FLEEEEING.
  1452 | D:2      | 1452 ||| STAIRDANCE
  1606 | D:2      | 1606 ||| Stepping ~*~*~tactically~*~*~ (stealth).
  1668 | D:2      | 1668 ||| READING scroll of enchant weapon.
  1668 | D:2      | 1668 ||| ENCHANTING +1 whip.
  1682 | D:2      | Found a faded altar of an unknown god.
  1719 | D:2      | Reached XP level 4. HP: 25/36 MP: 3/5
  1827 | D:2      | 1827 ||| Stepping ~*~*~tactically~*~*~ (stealth).
  1853 | D:2      | 1853 ||| Stepping ~*~*~tactically~*~*~ (stealth).
  1855 | D:2      | 1855 ||| Stepping ~*~*~tactically~*~*~ (stealth).
  1863 | D:2      | 1863 ||| Stepping ~*~*~tactically~*~*~ (stealth).
  1910 | D:2      | 1910 ||| Stepping ~*~*~tactically~*~*~ (hiding).
  2012 | D:2      | 2012 ||| Stepping ~*~*~tactically~*~*~ (hiding).
  2114 | D:2      | 2114 ||| Stepping ~*~*~tactically~*~*~ (hiding).
  2418 | D:2      | 2418 ||| Stepping ~*~*~tactically~*~*~ (stealth).
  2552 | D:2      | 2552 ||| SWAPPING to +0 long sword.
  2684 | D:2      | 2684 ||| READING scroll labelled PAUNYN PADICA.
  2766 | D:3      | Found a transporter.
  3076 | D:3      | Noticed Ijyb
  3077 | D:3      | 3077 ||| FLEEEEING.
  3078 | D:3      | 3078 ||| FLEEEEING.
  3079 | D:3      | 3079 ||| FLEEEEING.
  3080 | D:3      | 3080 ||| FLEEEEING.
  3081 | D:3      | 3081 ||| FLEEEEING.
  3082 | D:3      | 3082 ||| FLEEEEING.
  3083 | D:3      | 3083 ||| FLEEEEING.
  3111 | D:3      | HP: 2/36 [Ijyb/puff of flame (8)]
  3112 | D:3      | 3112 ||| READING 2 scrolls of teleportation.
  3493 | D:3      | Noticed a kobold brigand
  3496 | D:3      | Found a transporter.
  3541 | D:3      | Found a hazy altar of Hepliaklqana.
  3593 | D:3      | 3593 ||| Stepping ~*~*~tactically~*~*~ (stealth).
  3595 | D:3      | 3595 ||| Stepping ~*~*~tactically~*~*~ (hiding).
  3597 | D:3      | 3597 ||| Stepping ~*~*~tactically~*~*~ (hiding).
  3607 | D:3      | HP: 6/36 [Ijyb/puff of flame (5)]
  3608 | D:3      | 3608 ||| READING scroll of teleportation.
  3609 | D:3      | Killed from afar by Ijyb

Levels and vault maps discovered:
D:1:      minmay_arrival_radiant_lines, layout_loops_ring
D:2:      layout_rooms, shapermc_ecumenical_altar_pompeii,
          amcnicky_mini_rare_corridor_liquid, hangedman_decor_growths
D:3:      layout_basic, nicolae_overflow_two_pavilions,
          gammafunk_ghost_abyssal_escape, hangedman_decor_clover_reticule,
          kennysheep_pointless_box, uniq_ijyb, uniq_crazy_yiuf_cottage

Skill      XL: |  1  2  3 |
---------------+----------+-----
Axes           | 1 2 |  2.9
Fighting       | 1 2 |  2.2
Short Blades   | |  0.8
Dodging        | |  1.7
Stealth        | |  3.2
Spellcasting   | |  1.7
Hexes          | |  2.4

Action                   |  1- 3 |  4- 6 || total
-------------------------+-------+-------++-------
Melee: Whip              |   151 |    26 ||   177
       Dagger            |     7 |       ||     7
       Punch             |     2 |     1 ||     3
       Long sword        |       |    33 ||    33
  Use: Scroll            |     7 |     3 ||    10
 Stab: Sleeping          |     2 |       ||     2
Armor: Robe              |     9 |       ||     9
       Leather armour    |    22 |     7 ||    29
Dodge: Dodged            |    89 |    28 ||   117

Table legend:
 A = Non-vault XP
 B = Vault XP
 C = Vault XP percentage of total XP
 D = Non-vault monster count
 E = Vault monster count
 F = Vault count percentage of total count
                 A         B        C        D         E       F
            +---------+---------+-------+---------+---------+-------
      Total |     122 |       0 |   0.0 |      52 |       0 |   0.0
            +---------+---------+-------+---------+---------+-------
        D:1 |      42 |       0 |   0.0 |      23 |       0 |   0.0
        D:2 |      62 |       0 |   0.0 |      25 |       0 |   0.0
        D:3 |      18 |       0 |   0.0 |       4 |       0 |   0.0
            +---------+---------+-------+---------+---------+-------
